 Dungeon Crawl Stone Soup version 0.22.1-2-g9c5b331 (webtiles) character file.

70 Malhgor the Insei (level 4, 0/32 HPs)
             Began as a Barachi Transmuter on Jan 4, 2019.
             Succumbed to an adder's poison
             ... on level 2 of the Dungeon.
             The game lasted 00:08:41 (2054 turns).

Malhgor the Insei (Barachi Transmuter)              Turns: 2054, Time: 00:08:42

Health: 0/32       AC:  3    Str: 11    XL:     4   Next: 22%
Magic:  5/7        EV: 12    Int: 15    God:
Gold:   77         SH:  0    Dex: 12    Spells: 3/7 levels left

rFire    x . .     SeeInvis .     - Unarmed
rCold    + . .     Gourm    .   (no shield)
rNeg     . . .     Faith    .   b - +0 robe
rPois    .         Spirit   .   (no helmet)
rElec    .         Reflect  .   (no cloak)
rCorr    .         Harm     .   (no gloves)
MR       .....                  e - +0 pair of boots
Stlth    +.........             (no amulet)
HPRegen  0.10/turn              m - ring of ice
MPRegen  0.10/turn              (no ring)

@: lethally poisoned (0 -> -3), slow
A: +LOS, swims, slowness 1, strong legs 1
a: Hop


You were on level 2 of the Dungeon.
You were not hungry.

You visited 1 branch of the dungeon, and saw 3 of its levels.

You collected 77 gold pieces.

Inventory:

Missiles
 a - 12 arrows
 j - 123 stones (quivered)
Armour
 b - a +0 robe (worn)
 e - a +0 pair of boots (worn)
Jewellery
 m - a ring of ice (left hand)
Scrolls
 c - 3 scrolls of identify {unknown}
 f - a scroll of fear {unknown}
 h - a scroll of teleportation {unknown}
 i - 2 scrolls of remove curse {unknown}
 l - a scroll of enchant armour {unknown}
 o - a scroll of fog {unknown}
Comestibles
 d - 2 rations
 g - a chunk of flesh


   Skills:
 - Level 1.2 Fighting
 - Level 2.1 Dodging
 + Level 4.7 Unarmed Combat
 - Level 2.1 Spellcasting
 * Level 3.0 Transmutations
 + Level 1.1 Poison Magic


You had 3 spell levels left.
You knew the following spells:

 Your Spells              Type           Power        Failure   Level  Hunger
a - Beastly Appendage     Tmut           ##....       6%          1    #......
b - Spider Form           Tmut/Pois      #.........   28%         3    ###....

Your spell library contained the following spells:

 Spells                   Type           Power        Failure   Level  Hunger
 Sticks to Snakes         Tmut           ##......     10%         2    ###....
 Ice Form                 Ice/Tmut       #.......     75%         4    #####..
 Blade Hands              Tmut           ##........   86%         5    ######.


Dungeon Overview and Level Annotations

Branches:
Dungeon (3/15)

Altars:

Annotations:
D:1 Done
D:3 Grinder


Innate Abilities, Weirdness & Mutations

Shadows flee at your approach. (+LOS)
You can swim through water.
You cover ground slowly.
You can hop short distances.


Message History

* * * LOW HITPOINT WARNING * * *
You feel sick.
Found a club.
* * * LOW HITPOINT WARNING * * *
You feel sick.
* * * LOW HITPOINT WARNING * * *
You feel sick.
* * * LOW HITPOINT WARNING * * *
You feel sick.
* * * LOW HITPOINT WARNING * * *
You feel sick.
* * * LOW HITPOINT WARNING * * *
You feel sick.
* * * LOW HITPOINT WARNING * * *
You feel sick.
* * * LOW HITPOINT WARNING * * *
You feel sick.
* * * LOW HITPOINT WARNING * * *
You feel sick.
You die...

#.....#..>%....++...
#.....#.)......##...
#.....'.............
#.....#...##........
##'#......##........
#........##........
#.........#.....##.
##.........#.....##.
#..@###....+........
#..........#.....###
#..................
#..................
#........######....
#..................
#...#..............
#...##.............
#...''.............#


There were no monsters in sight!

Vanquished Creatures
  3 adders (D:2)
  2 dart slugs (D:2)
  A leopard gecko (D:2)
  A ball python (D:2)
  A giant cockroach (D:2)
  6 goblins
  3 hobgoblins
  A quokka (D:2)
  6 bats
  A frilled lizard (D:2)
  7 kobolds
  6 rats
38 creatures vanquished.

Notes
Turn   | Place    | Note
-------+----------+-------------------------------------------
     0 | D:1      | Malhgor the Barachi Transmuter began the quest for the Orb.
     0 | D:1      | Reached XP level 1. HP: 15/15 MP: 3/3
   252 | D:2      | Reached skill level 4 in Unarmed Combat
   252 | D:2      | Reached XP level 2. HP: 15/21 MP: 3/5
   638 | D:2      | Reached XP level 3. HP: 25/26 MP: 4/6
   643 | D:2      | Learned a level 3 spell: Spider Form
  1934 | D:3      | Noticed Grinder
  2022 | D:3      | Reached XP level 4. HP: 30/32 MP: 5/7
  2023 | D:3      | Reached skill level 1 in Poison Magic
  2051 | D:2      | HP: 1/32 [poisoned by an adder]
  2054 | D:2      | Succumbed to an adder's poison

Skill      XL: |  1  2  3  4 |
---------------+-------------+-----
Unarmed Combat | 4 |  4.7
Poison Magic   | 1 |  1.1
Transmutations | 3 |  3.0
Fighting       | |  1.2
Dodging        | |  2.1
Spellcasting   | |  2.1

Action                   |  1- 3 |  4- 6 || total
-------------------------+-------+-------++-------
Melee: Unarmed           |    90 |     8 ||    98
       Headbutt          |     7 |     1 ||     8
       Punch             |     1 |       ||     1
Throw: Stone             |    72 |       ||    72
 Cast: Beastly Appendage |    14 |       ||    14
       Spider Form       |       |     1 ||     1
 Abil: End Transformatio |       |     1 ||     1
  Use: Potion            |     2 |       ||     2
  Eat: Chunk             |     4 |     1 ||     5
Armor: Robe              |    34 |     1 ||    35
Dodge: Dodged            |    83 |    11 ||    94
